 Dungeon Crawl Stone Soup version 0.30.1-11-g7821555f0a (webtiles) character file.

Game seed: 5021510677550199604

159 KittyFluff the Cudgeller (level 5, -7/33 HPs)
             Began as a Gargoyle Berserker on Nov 11, 2023.
             Was a Believer of Trog.
             Mangled by Natasha (10 damage)
             ... on level 3 of the Dungeon.
             The game lasted 00:09:57 (2506 turns).

KittyFluff the Cudgeller (Gargoyle Berserker)       Turns: 2506, Time: 00:09:57

Health: -7/33      AC:  0    Str: 22    XL:     5   Next: 40%
Magic:  5/5        EV: 14    Int:  8    God:    Trog [**....]
Gold:   189        SH:  0    Dex:  9    Spells: 4/4 levels left

rFire   . . .        a - melded +0 mace
rCold   . . .        (shield currently unavailable)
rNeg    + . .        s - melded +0 leather armour
rPois   ∞            (helmet currently unavailable)
rElec   .            (cloak currently unavailable)
rCorr   .            (gloves currently unavailable)
SInv    .            (boots currently unavailable)
Will    .....        (no amulet)
Stlth   ++           (ring currently unavailable)
HPRegen 0.25/turn    (ring currently unavailable)
MPRegen 0.09/turn

%: no passive effects
@: pig-form (expiring), slowed
A: fast, no casting, sickness immunity, AC +4, small, negative energy resistance
1, (electricity resistance), torment resistance 1, petrification resistance
a: Renounce Religion, Berserk, Trog's Hand


You were on level 3 of the Dungeon.
You worshipped Trog.
Trog was pleased with you.
You were a filthy swine.
You visited 1 branch of the dungeon, and saw 3 of its levels.

You collected 189 gold pieces.

Inventory:

Hand Weapons
 a - a +0 mace (melded)
Missiles
 c - 2 poisoned darts (quivered)
 k - 6 javelins
Armour
 s - a +0 leather armour (melded)
Wands
 r - a wand of flame (24)
Scrolls
 d - 2 scrolls of enchant armour {unknown}
 f - a scroll of vulnerability {unknown}
 i - 3 scrolls of teleportation {unknown}
 j - a scroll of acquirement {unknown}
 m - 3 scrolls of immolation {unknown}
 n - a scroll of noise {unknown}
Potions
 e - a potion of lignification
 g - a potion of haste
 l - a potion of heal wounds
 o - a potion of brilliance {unknown}
 q - a potion of might {unknown}


   Skills:
 + Level 3.8 Fighting
 * Level 4.0 Maces & Flails
 * Level 3.7 Armour
 + Level 2.1 Dodging
 + Level 2.0 Stealth


You had 4 spell levels left.
You didn't know any spells.
Your spell library was empty.

Dungeon Overview and Level Annotations

Branches:
Dungeon (3/15)

Altars:
Cheibriados

Annotations:
D:3 Natasha


Innate Abilities, Weirdness & Mutations

You are a filthy swine.
You move quickly.
Your equipment is almost entirely melded.
You are incapable of wielding weapons or throwing items.
You cannot cast spells.
You are immune to sickness and miasma.
((Your stone body is resilient. (AC +4)))
You are immune to poison.
You resist negative energy. (rN+)
((You are resistant to electric shocks. (rElec)))
You are resistant to unholy torment.
You are immune to petrification.


Message History

Natasha zaps a wand.
You turn into a filthy swine.
Your +0 mace melds into your body.
Your +0 leather armour melds into your body.
The now-empty wand crumbles to dust.
Natasha casts a spell at you.
You feel yourself slow down. Natasha attacks as you move away!
Natasha barely misses you. Natasha barely misses you. Natasha claws you!
You miss Natasha. Natasha completely misses you.
You closely miss Natasha. Natasha claws you.
You barely miss Natasha. Natasha barely misses you. Natasha claws you!
You barely miss Natasha.
Natasha howls an incantation.
Natasha's front paws start to glow.
Natasha barely misses you.
You hit Natasha but do no damage. Natasha misses you.
You hit Natasha but do no damage.
Natasha wildly gestures.
You feel troubled. Natasha claws you!
* * * LOW HITPOINT WARNING * * *
Natasha misses you.
You barely miss Natasha.
Your transformation is almost over.
Natasha casts a spell.
You miss Natasha.
Natasha mumbles some strange words.
The cerulean imp hits you from afar with a +1 spear.
* * * LOW HITPOINT WARNING * * *
You hit Natasha but do no damage. Natasha misses you.
The cerulean imp closely misses you.
Natasha mumbles some strange words.
You closely miss Natasha. The cerulean imp misses you. Natasha misses you.
The cerulean imp hits you from afar with a +1 spear!
* * * LOW HITPOINT WARNING * * *
You feel better. Natasha claws you.
* * * LOW HITPOINT WARNING * * *
The cerulean imp closely misses you. Natasha claws you!
You die...

# #.........#########
#.............#
######.#####.#####.#
#......# ### #.# ######
#.###..# #.# ###....#
#.###..# #.# .##....#
#.#w5..# ##.# .##....#
#.#h#...'~#._. #..#
.##....#######.#h##.##~##.#
##.# .+..............>##.#
~# #.#
.#############.#.##.# ~~
#.# .## #.#.##.# ### #.#
..# ###.#.##.#####.#####.#
..# #...#.##.............#
..# #.###.######.#########
..# #.# #.# #.# ..# #.# #.#
#.#


You could see a worm, Natasha and a cerulean imp (summoned).

Vanquished Creatures
  Natasha (twice) (D:3)
  5 adders
  3 worms
  2 dart slugs
  An orc (D:3)
  6 ball pythons
  4 endoplasms
  A giant cockroach (D:3)
  6 hobgoblins
  3 jackals (D:1)
  6 bats
  4 frilled lizards
  5 goblins
  9 kobolds
  3 rats
60 creatures vanquished.

Notes
Turn   | Place    | Note
-------+----------+-------------------------------------------
     0 | D:1      | KittyFluff the Gargoyle Berserker began the quest for the
                  | Orb.
     0 | D:1      | Reached XP level 1. HP: 14/14 MP: 1/1
   122 | D:1      | Reached XP level 2. HP: 13/19 MP: 2/2
   297 | D:1      | Reached XP level 3. HP: 23/23 MP: 3/3
   550 | D:1      | Reached ** piety under Trog
   831 | D:1      | Reached skill level 1 in Stealth
   911 | D:2      | Found a faded altar of an unknown god.
  1284 | D:2      | Reached XP level 4. HP: 25/28 MP: 4/4
  1658 | D:3      | Noticed Natasha
  1668 | D:3      | Killed Natasha
  1673 | D:3      | Reached XP level 5. HP: 18/33 MP: 5/5
  2038 | D:3      | Found a snail-covered altar of Cheibriados.
  2308 | D:3      | Noticed Natasha
  2321 | D:3      | Killed Natasha
  2322 | D:3      | Reached skill level 4 in Maces & Flails
  2488 | D:3      | Noticed Natasha
  2506 | D:3      | Mangled by Natasha

Illustrated notes

Levels and vault maps discovered:
D:1:      matt_arrival_diagonals, layout_basic
D:2:      layout_basic, ebering_ecumenical_altar_mist, nicolae_titane
D:3:      layout_basic, cheibrodos_worm_habitat, uniq_natasha

Skill      XL: |  1  2  3  4  5 |
---------------+----------------+-----
Armour         | 3 |  3.7
Stealth        | 1 2 |  2.0
Dodging        | 2 |  2.1
Maces & Flails | 4 |  4.0
Fighting       | |  3.8

Action                     |  1- 3 |  4- 6 || total
---------------------------+-------+-------++-------
  Melee: Mace              |   152 |    71 ||   223
         Punch             |     1 |       ||     1
         Unarmed           |       |    10 ||    10
  Throw: Dart              |       |     2 ||     2
 Invoke: Berserk           |       |     1 ||     1
    Use: Scroll            |       |     5 ||     5
         Potion            |       |     1 ||     1
   Stab: Sleeping          |     2 |     2 ||     4
 Armour: Animal skin       |    58 |    15 ||    73
         Skin              |       |    17 ||    17
         Leather armour    |       |     8 ||     8
  Dodge: Dodged            |   101 |    52 ||   153
